cohdb
Replays
Latest Replays
All Replays
Popular Replays
Top Player Replays
Match Explorer
How It Works
Community
CoH3 Stats
Reddit
Sign in to upload your games and track your stats! →
Sign in with Steam
Match 41763683
Unlisted
Match 41763683
Overview
Messages
Build Orders
End
Kradschützen Motorcycle Team
Panzergrenadier Squad
Panzergrenadier Squad
Panzergrenadier Squad
Construct Light Support Kompanie
Fire Support Elements
Selects Battlefield Espionage Battlegroup
Selects 250/3 Funkpanzerwagen
Flakvierling Half-track
Pak 38 Mechanized Group
Veteran Squad Leaders
Vehicle Survival Package
Selects Advanced Ambush Training
Construct Panzerarmee Kommand
Walking Stuka Rocket Launcher
Panzergrenadier Squad
Armored Reserves
Emergency Repair Kits
Selects Intel Disruption Beacon
Selects Plunder
Rapid Advance
Tiger Heavy Tank
Selects Firestorm
sw
Auxiliary Priest
coledj0408
S.W.A
0
0
Comments
sign in to comment!
No comments posted yet!